 Dungeon Sprint DCSS version 0.29-a0-284-gf9362112df (webtiles) character file.

Game seed: 13122673117125544612

1446 mhtbhm the Impaler (level 8, -11/133 HPs)
             Began as a Minotaur Berserker on Mar 28, 2022.
             Was a High Priest of Trog.
             Mangled by a two-headed ogre
             ... wielding a +0 giant spiked club
              (19 damage)
             ... in the Dungeon (Sprint III: "The Ten Rune Challenge").
             The game lasted 00:01:46 (641 turns).

mhtbhm the Impaler (Minotaur Berserker)              Turns: 641, Time: 00:01:46

Health: -11/133    AC:  6    Str: 25    XL:     8   Next: 46%
Magic:  7/7        EV: 13    Int:  4    God:    Trog [*****.]
Gold:   24         SH:  0    Dex: 11    Spells: 7/7 levels left

rFire   . . .      SeeInvis .   a - +3 glaive
rCold   + . .      Faith    .   (shield currently unavailable)
rNeg    . . .      Spirit   .   b - +0 ring mail
rPois   .          Reflect  .   (helmet unavailable)
rElec   .          Harm     .   (no cloak)
rCorr   .          Rampage  .   (no gloves)
Will    .....      NoTele   +   (no boots)
Stlth   ..........              (no amulet)
HPRegen 0.32/turn               (no ring)
MPRegen 0.10/turn               (no ring)

@: berserking, very quick
A: horns 3, retaliatory headbutt, cold resistance 1, strong 1
a: Renounce Religion, Berserk, Trog's Hand, Brothers in Arms


You were in the Dungeon.
You worshipped Trog.
Trog was extremely pleased with you.
You visited 1 branch You collected 24 gold pieces.

Inventory:

Hand Weapons
 a - a +3 glaive (weapon)
Armour
 b - a +0 ring mail (worn)
Wands
 p - a wand of acid (9)
Scrolls
 h - a scroll of blinking
 j - a scroll of holy word {unknown}
 k - 2 scrolls of identify {unknown}
 n - a scroll of torment {unknown}
Potions
 c - a potion of curing
 d - 2 potions of heal wounds
 e - a potion of haste
 f - 2 potions of magic
 g - 3 potions of berserk rage
 l - a potion of invisibility {unknown}
 m - 5 potions of mutation
 o - a potion of flight {unknown}
 q - a potion of might
Miscellaneous
 i - a piece from Xom's chessboard (14/15)


   Skills:
 + Level 14.0 Fighting
 + Level 15.4 Polearms
 + Level 7.0 Armour
 + Level 6.6 Dodging
 + Level 0.1 Evocations


You had 7 spell levels left.
You didn't know any spells.
Your spell library was empty.

Dungeon Overview and Level Annotations

Branches:
Dungeon (1/1)

Altars:
Cheibriados
Dithmenos
Elyvilon
Fedhas
Gozag
Hepliaklqana
Kikubaaqudgha
Makhleb
Nemelex Xobeh
Okawaru
Qazlal
Ru
Sif Muna
Trog
Uskayaw
Vehumet
Wu Jian
Xom
Yredelemnul
Zin
The Shining One
Beogh
Jiyva
Lugonu


Innate Abilities, Weirdness & Mutations

You have a pair of large horns on your head.
You reflexively headbutt those who attack you in melee.
Your flesh is cold resistant. (rC+)
Your muscles are strong. (Str +2)


Message History

Your Fighting skill increases to level 14!
Your Armour skill increases to level 7!
You are no longer berserk.
You are exhausted.
You feel yourself slow down.
You start resting.
You feel yourself speed up.
You start resting.
You recover from your berserk rage.
You are now empty-handed.
You drop a +0 spear.
Things that are here:
a +3 glaive; a +0 giant club; a +0 giant club
a - a +3 glaive
a - a +3 glaive (weapon)
A two-headed ogre comes into view.
It is wielding a +0 giant spiked club and a +0 giant club.
The two-headed ogre shouts in stereo!
Things that are here:
a +0 giant club; a +0 giant club
Things that are here:
a +0 giant club; a +0 giant club
There is an open door here.
You make a move on Xom's chessboard...
The two-headed ogre flickers and vanishes!
Deactivating autopickup; reactivate with Ctrl-A.
Unknown command.
A red film seems to cover your vision as you go berserk!
You feel yourself moving faster!
You feel mighty! Something hits you! Something hits you!!
You closely miss something. You closely miss something.
You headbutt something!! Something hits you!!! Something hits you!!
* * * LOW HITPOINT WARNING * * *
You closely miss something. You slice something!! Something hits you!!
* * * LOW HITPOINT WARNING * * *
Something hits you!
* * * LOW HITPOINT WARNING * * *
You slice something!! You closely miss something. Something barely misses you.
Something hits you!!
You die...

▓▓▓ ##.############
####..#___#___#__#
#..#..#.).#__.#._#
#..#..###'#'###)##
##'#..#..........#
###...'.⌠........#
###...#...######'#
##....#.⌠.#__#..@#+###########
#.....#...#__#...#....#.#. ..
......#)###__#...##)#..#.# .#
#.....#):.#__#...'##)#.#.##.#
##....#___#__'...#.))#.O#.O#
▓▓▓▓▓▓▓▓▓▓▓▓▓▓▓▓▓▓▓▓▓▓▓▓▓▓▓


There were no monsters in sight!

Vanquished Creatures
  A deep elf pyromancer (D)
  A shadow (D)
  A spatial vortex (D)
  3 two-headed ogres (D)
  A necrophage (D)
  A water elemental (D)
  A jelly (D)
  Jessica (D)
  A wizard (D)
  A necromancer (D)
  3 humans (D)
  A kobold demonologist (D)
  A phantom (D)
  3 rats (D)
20 creatures vanquished.

Notes
Turn   | Place    | Note
-------+----------+-------------------------------------------
     0 | D        | mhtbhm the Minotaur Berserker began the quest for the Orb.
     0 | D        | Reached XP level 1. HP: 19/19 MP: 0/0
    15 | D        | Reached skill level 4 in Polearms
    28 | D        | Noticed Jessica
    33 | D        | Killed Jessica
    33 | D        | Reached ** piety under Trog
    34 | D        | Reached skill level 5 in Fighting
    34 | D        | Reached skill level 5 in Polearms
    34 | D        | Reached XP level 2. HP: 30/30 MP: 1/1
    77 | D        | Reached skill level 6 in Polearms
    77 | D        | Reached XP level 3. HP: 37/37 MP: 2/2
   108 | D        | Gained mutation: Your flesh is cold resistant. (rC+)
                  | [potion of mutation]
   108 | D        | Gained mutation: You have a pair of large horns on your
                  | head. [potion of mutation]
   108 | D        | Gained mutation: Your muscles are strong. (Str +2) [potion
                  | of mutation]
   114 | D        | Noticed a water elemental
   126 | D        | Killed a water elemental
   126 | D        | Reached *** piety under Trog
   127 | D        | Reached skill level 8 in Polearms
   127 | D        | Reached XP level 4. HP: 47/47 MP: 3/3
   168 | D        | Found a radiant altar of Vehumet.
   168 | D        | Found a shimmering blue altar of Sif Muna.
   168 | D        | Found an ancient bone altar of Kikubaaqudgha.
   168 | D        | Noticed a wizard
   174 | D        | Killed a wizard
   177 | D        | Reached XP level 5. HP: 53/53 MP: 4/4
   228 | D        | Found a basalt altar of Yredelemnul.
   228 | D        | Found a shadowy altar of Dithmenos.
   228 | D        | Found a sacrificial altar of Ru.
   231 | D        | Reached **** piety under Trog
   232 | D        | Reached skill level 10 in Polearms
   283 | D        | Found a hide-covered altar of Uskayaw.
   283 | D        | Found an iron altar of Okawaru.
   283 | D        | Found a bloodstained altar of Trog.
   283 | D        | Found an ornate altar of the Wu Jian Council.
   283 | D        | Noticed a human
   284 | D        | Noticed a human
   288 | D        | Killed a human
   289 | D        | Reached skill level 10 in Fighting
   289 | D        | Reached skill level 11 in Polearms
   289 | D        | Reached skill level 5 in Armour
   289 | D        | Reached skill level 5 in Dodging
   289 | D        | Reached XP level 6. HP: 67/67 MP: 5/5
   290 | D        | Killed a human
   291 | D        | Reached skill level 12 in Polearms
   336 | D        | Found a glowing silver altar of Zin.
   336 | D        | Found a glowing golden altar of the Shining One.
   336 | D        | Found a white marble altar of Elyvilon.
   337 | D        | Noticed a deep elf pyromancer
   338 | D        | Noticed a fire elemental
   345 | D        | Killed a deep elf pyromancer
   345 | D        | Reached ***** piety under Trog
   346 | D        | Reached skill level 14 in Polearms
   346 | D        | Reached XP level 7. HP: 78/78 MP: 6/6
   515 | D        | Noticed a shadow
   520 | D        | Killed a shadow
   521 | D        | Reached XP level 8. HP: 86/86 MP: 7/7
   528 | D        | Found a blossoming altar of Fedhas.
   528 | D        | Found a stormy altar of Qazlal.
   528 | D        | Found a snail-covered altar of Cheibriados.
   528 | D        | Found a burning altar of Makhleb.
   528 | D        | Found a shimmering altar of Xom.
   529 | D        | Found a hazy altar of Hepliaklqana.
   529 | D        | Found an opulent altar of Gozag.
   529 | D        | Found a sparkling altar of Nemelex Xobeh.
   529 | D        | Found a corrupted altar of Lugonu.
   529 | D        | Found a viscous altar of Jiyva.
   568 | D        | Reached skill level 15 in Polearms
   579 | D        | Received a gift from Trog
   621 | D        | Noticed a two-headed ogre
   641 | D        | Mangled by a two-headed ogre

Illustrated notes

Levels and vault maps discovered:
D:        dungeon_sprint_mu [sprint_mu_entry_cave, sprint_mu_temple_rooms,
          sprint_mu_d1_spiders, sprint_mu_d2_genie, sprint_mu_d3_branching,
          sprint_mu_orc_legion, sprint_mu_elf_gauntlet, sprint_mu_hive_nellie,
          sprint_mu_lair_fedhas, sprint_mu_vaults_butterflies,
          sprint_mu_slime_circle, sprint_mu_swamp_cave, sprint_mu_shoals_archi,
          sprint_mu_blade_basic, sprint_mu_crypt_fortress,
          sprint_mu_tomb_spiral, sprint_mu_vestibule_basic,
          sprint_mu_gehenna_hellfire, sprint_mu_dis_giant,
          sprint_mu_tartarus_statrot, sprint_mu_cocytus_islands, sprint_mu_zot1]

Skill      XL: |  1  2  3  4  5  6  7  8 |
---------------+-------------------------+-----
Fighting       | 5 6 7 8 10 12 13 14 | 14.0
Polearms       | 5 6 8 11 14 15 | 15.4
Armour         | 3 4 5 6 7 |  7.0
Dodging        | 3 4 5 6 |  6.6
Evocations     | |  0.1

Action                   |  1- 3 |  4- 6 |  7- 9 || total
-------------------------+-------+-------+-------++-------
Melee: Spear             |    21 |    27 |    37 ||    85
       Headbutt          |     4 |     4 |     5 ||    13
       Glaive            |       |       |     6 ||     6
Invok: Berserk           |     3 |     4 |     2 ||     9
Evoke: Piece from Xom's  |       |       |     3 ||     3
  Use: Potion            |     1 |       |       ||     1
Armor: Leather armour    |     1 |       |       ||     1
       Ring mail         |       |     2 |       ||     2
Dodge: Dodged            |    11 |     4 |     7 ||    22

Table legend: (Time is in decaauts)
 A = Elapsed time spent in this place.
 B = Non-inter-level travel time spent in this place.
 C = Inter-level travel time spent in this place.
 D = Time resting spent in this place.
 E = Time spent auto-exploring this place.
 F = Levels seen in this place.
 G = Mean time per level.
                   A        B        C        D        E       F      G
               +--------+--------+--------+--------+--------+-----+--------+
         Total |    677 |    677 |      0 |    351 |     40 |   1 |  677.0 |
       Dungeon |    677 |    677 |      0 |    351 |     40 |   1 |  677.0 |
               +--------+--------+--------+--------+--------+-----+--------+

Top non-repeatable levels by time:
       D: 677 daAuts
